 Dungeon Crawl Stone Soup version 0.29.0-11-gd7f09526c8 (webtiles) character file.

Game seed: 16977416654957071932

2732 gelatine the Chopper (level 9, -2/68 HPs)
             Began as a Demonspawn Fighter on Sept 7, 2022.
             Slain by a wolf (3 damage)
             ... led by Grum
             ... on level 8 of the Dungeon.
             The game lasted 00:19:57 (8352 turns).

gelatine the Chopper (Demonspawn Fighter)           Turns: 8352, Time: 00:19:58

Health: -2/68      AC:  6    Str: 21    XL:     9   Next: 40%
Magic:  0/9        EV: 16    Int:  9    God:
Gold:   295        SH:  5    Dex: 13    Spells: 7/8 levels left

rFire   . . .      SeeInvis .   B - +5 hand axe
rCold   + . .      Faith    .   c - +0 buckler
rNeg    . . .      Spirit   +   C - +0 leather armour {rC+}
rPois   .          Reflect  .   v - +0 helmet
rElec   .          Harm     .   M - scarf {repulsion}
rCorr   +          Rampage  .   s - +0 pair of gloves
Will    .....                   (no boots)
Stlth   +.........              H - amulet of guardian spirit
HPRegen 0.21/turn               y - ring of flight
MPRegen 0.22/turn               I - ring of resist corrosion

@: flying, repel missiles
A: repulsion field 2, magic regeneration, demonic magic 1, weakness stinger 2
a: no special abilities


You were on level 8 of the Dungeon.
You visited 2 branches of the dungeon, and saw 9 of its levels.
You also visited: Ossuary.

You collected 340 gold pieces.
You spent 45 gold pieces at shops.

Inventory:

Hand Weapons
 a - a +0 war axe
 B - a +5 hand axe (weapon)
Missiles
 u - 5 boomerangs
 D - 6 poisoned darts
Armour
 c - a +0 buckler (worn)
 j - a +0 plate armour
 q - a +0 cloak
 s - a +0 pair of gloves (worn)
 v - a +0 helmet (worn)
 A - a +2 scale mail of fire resistance
 C - a +0 leather armour of cold resistance (worn)
 M - a scarf of repulsion (worn)
Jewellery
 y - a ring of flight (left hand)
 H - an amulet of guardian spirit (around neck)
 I - a ring of resist corrosion (right hand)
Wands
 x - a wand of flame (43)
 K - a wand of mindburst (16)
Scrolls
 b - a scroll of enchant armour
 g - 7 scrolls of teleportation
 h - 2 scrolls of blinking
 k - 3 scrolls of identify
 l - 4 scrolls of noise
 m - a scroll of brand weapon {unknown}
 p - a scroll of amnesia
 w - a scroll of torment {unknown}
 E - a scroll of enchant weapon {unknown}
 J - a scroll of butterflies {unknown}
 N - 4 scrolls of vulnerability {unknown}
 O - a scroll of immolation {unknown}
Potions
 d - a potion of brilliance {unknown}
 e - 5 potions of resistance {unknown}
 i - a potion of curing
 n - 4 potions of haste {unknown}
 o - 3 potions of flight {unknown}
 r - 2 potions of attraction
 t - 2 potions of lignification {unknown}
 z - 2 potions of invisibility {unknown}
 F - 2 potions of mutation {unknown}
 G - 2 potions of magic {unknown}
 L - a potion of degeneration {unknown}


   Skills:
 * Level 5.2 Fighting
 * Level 7.4 Axes
 * Level 2.5 Throwing
 * Level 5.4 Armour
 * Level 4.7 Dodging
 + Level 1.1 Stealth
 * Level 4.8 Shields


You had 7 spell levels left.
You knew the following spells:

 Your Spells              Type           Power      Damage    Failure   Level
a - Sandblast             Erth           0%         2d4       52%         1

Your spell library contained the following spells:

 Spells                   Type           Power      Damage    Failure   Level
 Beastly Appendage        Tmut           0%         N/A       52%         1
 Magic Dart               Conj           0%         1d3       52%         1
 Passwall                 Tmut/Erth      0%         N/A       67%         2
 Searing Ray              Conj           0%         2d4       67%         2
 Wereblood                Tmut           0%         N/A       67%         2
 Frozen Ramparts          Ice            0%         1d1       88%         3
 Spider Form              Tmut/Pois      0%         N/A       88%         3
 Stone Arrow              Conj/Erth      0%         3d7       88%         3
 Tukima's Dance           Hex            0%         N/A       88%         3
 Corpse Rot               Necr/Pois/Air  0%         N/A       99%         4
 Dispel Undead            Necr           0%         3d6       99%         4
 Fulminant Prism          Conj/Hex       0%         3d6       99%         4
 Ice Form                 Ice/Tmut       0%         N/A       99%         4
 Passage of Golubria      Tloc           0%         N/A       99%         4
 Summon Ice Beast         Ice/Summ       0%         N/A       99%         4
 Fireball                 Conj/Fire      0%         3d3       100%        5
 Iskenderun's Battlesphe  Conj           0%         2d6       100%        5
 Yara's Violent Unravell  Hex/Tmut       0%         3d3       100%        5
 Conjure Ball Lightning   Conj/Air       0%         3x3d6     100%        6
 Death Channel            Necr           0%         N/A       100%        6
 Dispersal                Tloc           0%         N/A       100%        6
 Orb of Destruction       Conj           0%         9d5       100%        7
 Disjunction              Tloc           0%         N/A       100%        8


Dungeon Overview and Level Annotations

Branches:
Dungeon (8/15)             Temple (1/1) D:4         Ossuary (visited)
   Lair: D:8-11

Altars:
Ashenzari
Cheibriados
Dithmenos
Fedhas
Gozag
Hepliaklqana
Kikubaaqudgha
Makhleb
Nemelex Xobeh
Qazlal
Ru
Sif Muna
Trog
Uskayaw
Vehumet
Wu Jian
Xom
Yredelemnul

Shops:
D:7 !

Annotations:
D:4 2 transporters, gdog's ghost, novice GnDe
D:8 Grum


Innate Abilities, Weirdness & Mutations

You are surrounded by a moderate repulsion field. (EV +3)
You regenerate magic rapidly.
Spells you cast may paralyse adjacent enemies.
You have a tail ending in a sharp stinger.


Message History

* * * LOW HITPOINT WARNING * * *
You feel better. You block the wolf's attack. Grum closely misses you.
You feel better. The wolf barely misses you. You block the wolf's attack.
Grum hits you from afar with a +0 glaive!
* * * LOW HITPOINT WARNING * * *
Blink to where?
Press: ? - help, Q - select action, (/) - cycle Dir - move target, p - wolf
As you read the scroll of blinking, it crumbles to dust.
Grum completely misses you.
You slash Grum!
Your tail-slap misses Grum.
Grum is moderately wounded.
You barely miss the wolf. The wolf barely misses you. Grum barely misses you.
You hit Grum but do no damage.
Grum is moderately wounded.
You hit the wolf but do no damage. The wolf bites you.
* * * LOW HITPOINT WARNING * * *
The wolf completely misses you. Grum misses you.
You completely miss Grum.
Grum is moderately wounded.
You hit the wolf. You block the wolf's attack. The wolf closely misses you.
Grum closely misses you.
You hit Grum but do no damage.
Grum is moderately wounded.
You closely miss the wolf. The wolf misses you. Grum misses you.
You slash Grum! You tail-slap Grum, but do no damage.
Grum is heavily wounded.
You hit the wolf. The wolf bites you.
* * * LOW HITPOINT WARNING * * *
The wolf bites you.
* * * LOW HITPOINT WARNING * * *
You closely miss Grum.
Grum is heavily wounded.
You hit the wolf. The wolf completely misses you.
Grum hits you with a +0 glaive.
* * * LOW HITPOINT WARNING * * *
You block the wolf's attack. Grum misses you.
You hit Grum.
Grum is heavily wounded.
You hit the wolf. The wolf closely misses you. The wolf bites you.
You die...

...... ....
.....####### ...
...........# ..
####.....###.##
#........##...#
#.......###...##...
##..<...............
..................###..
..#####.#..h@.....#
.....)..g...####
......#.#.....#
.###..#.†.....#
....###.....# ......
#.....# ..... .....#^
.... ######.#


You could see Grum and a wolf.

Vanquished Creatures
  A steam dragon (D:7)
  2 water moccasins (D:6)
  2 ice beasts
  3 wolves (D:8)
  A black bear (D:6)
  An ogre (D:4)
  A centaur (D:7)
  2 phantoms
  A necrophage (D:5)
  A gnoll sergeant (D:7)
  3 water moccasin zombies (Ossuary)
  5 killer bees (D:7)
  3 lava snakes (D:7)
  2 quasits (D:5)
  8 hounds
  2 jellies (D:7)
  3 orc priests
  Crazy Yiuf (D:2)
  Ijyb (D:5)
  2 iguanas
  An orc wizard (D:5)
  2 mummies (Ossuary)
  Robin (D:3)
  3 gnolls (D:7)
  10 adders
  A shadow imp (D:5)
  3 white imps
  2 ufetubi (D:5)
  4 adder zombies (Ossuary)
  A worm (D:2)
  A dart slug (D:2)
  13 orcs
  7 ball pythons
  5 endoplasms
  3 giant cockroaches (D:1)
  5 gnoll zombies (Ossuary)
  9 hobgoblins
  4 jackals (D:4)
  5 quokkas
  9 bats
  6 frilled lizards (D:1)
  13 goblins
  8 hobgoblin zombies (Ossuary)
  4 kobolds
  3 kobold zombies (Ossuary)
  2 orc zombies (Ossuary)
  5 rats
  2 butterflies (D:4)
177 creatures vanquished.

Vanquished Creatures (others)
  A sky beast (D:7)
1 creature vanquished.

Grand Total: 178 creatures vanquished

Notes
Turn   | Place    | Note
-------+----------+-------------------------------------------
     0 | D:1      | gelatine the Demonspawn Fighter began the quest for the
                  | Orb.
     0 | D:1      | Reached XP level 1. HP: 18/18 MP: 1/1
   151 | D:1      | Gained mutation: You are surrounded by a mild repulsion
                  | field. (EV +2) [demonic ancestry]
   151 | D:1      | Reached XP level 2. HP: 24/24 MP: 2/2
   251 | D:1      | Found a faded altar of an unknown god.
   694 | D:1      | Reached skill level 2 in Axes
  1094 | D:2      | Gained mutation: You have a small tail. [demonic ancestry]
  1094 | D:2      | Reached XP level 3. HP: 25/29 MP: 3/3
  1210 | D:2      | Reached skill level 1 in Dodging
  1279 | D:2      | Found a runed translucent door.
  1280 | D:2      | Noticed Crazy Yiuf
  1287 | D:2      | Killed Crazy Yiuf
  1539 | D:2      | Reached XP level 4. HP: 35/35 MP: 4/4
  2227 | D:3      | Noticed Robin
  2246 | D:3      | Killed Robin
  2343 | D:3      | Gained mutation: You are surrounded by a moderate repulsion
                  | field. (EV +3) [demonic ancestry]
  2343 | D:3      | Reached XP level 5. HP: 35/41 MP: 5/5
  2424 | D:3      | Reached skill level 3 in Axes
  2814 | D:4      | Found a staircase to the Ecumenical Temple.
  2819 | D:4      | Noticed an ogre
  2823 | Temple   | Entered the Ecumenical Temple
  3408 | D:4      | Killed an ogre
  3702 | D:4      | Gained mutation: You regenerate magic rapidly. [demonic
                  | ancestry]
  3702 | D:4      | Reached XP level 6. HP: 48/48 MP: 6/6
  3827 | D:4      | Found a transporter.
  3854 | D:4      | Noticed gdog's ghost (novice GnDe)
  3881 | D:4      | Found a transporter.
  4311 | D:5      | Entered Level 5 of the Dungeon
  4322 | D:5      | Reached skill level 4 in Axes
  4552 | D:5      | Gained mutation: You have a tail ending in a sharp stinger.
                  | [demonic ancestry]
  4552 | D:5      | Reached XP level 7. HP: 25/53 MP: 7/7
  4755 | D:5      | Reached skill level 1 in Stealth
  4965 | D:5      | Found a shimmering blue altar of Sif Muna.
  5052 | D:5      | Noticed Ijyb
  5070 | D:5      | Reached skill level 5 in Axes
  5076 | D:5      | Killed Ijyb
  5500 | D:6      | Found a sand-covered staircase.
  5521 | Ossuary  | Entered an ossuary
  5567 | Ossuary  | Gained mutation: Spells you cast may paralyse adjacent
                  | enemies. [demonic ancestry]
  5567 | Ossuary  | Reached XP level 8. HP: 60/60 MP: 8/8
  6116 | D:6      | Reached skill level 6 in Axes
  6116 | D:6      | Reached skill level 1 in Throwing
  7103 | D:7      | Found Fuopiud's Distillery.
  7137 | D:7      | Bought a potion of curing for 45 gold pieces
  7353 | D:7      | Reached skill level 5 in Armour
  7591 | D:7      | Reached XP level 9. HP: 31/67 MP: 5/9
  7613 | D:7      | Reached skill level 7 in Axes
  7617 | D:7      | Reached skill level 5 in Fighting
  8263 | D:7      | Learned a level 1 spell: Sandblast
  8315 | D:8      | Noticed Grum
  8332 | D:8      | HP: 3/68 [Grum/+0 glaive (14)]
  8342 | D:8      | HP: 3/68 [Grum/+0 glaive (7)]
  8350 | D:8      | HP: 3/68 [wolf[Grum] (5)]
  8351 | D:8      | HP: 1/68 [Grum/+0 glaive (2)]
  8352 | D:8      | Slain by a wolf

Illustrated notes

Levels and vault maps discovered:
D:1:      mrwooster_arrival_statue_2, layout_basic,
          dreamdust_ecumenical_altar_statues
D:2:      layout_loops_ring, uniq_crazy_yiuf_cottage
D:3:      layout_basic, st_stairs_12, kennysheep_boxes, uniq_robin
D:4:      layout_loops_ring, minmay_temple_entry_butterflies,
          gammafunk_ghost_stat_death
D:5:      layout_rooms, kennysheep_little_box, serial_demonic, serial_demonic_c,
          serial_demonic_e, serial_demonic_e, serial_demonic_c, st_stairs_10,
          kennysheep_opposing_triangles, uniq_ijyb
D:6:      layout_basic, nicolae_ossuary_entry_false_entrances,
          nicolae_hexahallways, nicolae_kite_square_tiling_tiny
D:7:      layout_gridville, serial_shops, nicolae_inconvenience_store
D:8:      layout_basic, okawaru_gym_becter, lair_entry_dummy, uniq_grum,
          uniq_joseph
Temple:   mainiacjoe_temple_big_plus

Skill      XL: |  1  2  3  4  5  6  7  8  9 |
---------------+----------------------------+-----
Shields        | 3 4 |  4.8
Axes           | 2 3 4 5 6 7 |  7.4
Dodging        | 1 2 3 4 |  4.7
Armour         | 3 4 5 |  5.4
Fighting       | 4 5 |  5.2
Stealth        | 1 |  1.1
Throwing       | 2 |  2.5

Action                   |  1- 3 |  4- 6 |  7- 9 || total
-------------------------+-------+-------+-------++-------
Melee: War axe           |    83 |   189 |    32 ||   304
       Tailslap          |     1 |    26 |    41 ||    68
       Hand axe          |       |       |   298 ||   298
Throw: Boomerang         |       |       |     4 ||     4
  Use: Potion            |       |     1 |    14 ||    15
       Scroll            |       |       |     8 ||     8
Armor: Scale mail        |    54 |   129 |   118 ||   301
       Leather armour    |       |       |     8 ||     8
Dodge: Dodged            |    55 |   171 |   276 ||   502
       Repelled          |       |       |     6 ||     6
Block: Buckler           |    27 |    53 |    90 ||   170
